Bruins vs Sabres
Created - October 28, 2018 at 22:40
Goals
|
| Bruins |
3 |
5 |
2 |
10 |
| Sabres |
1 |
0 |
2 |
3 |
|
Shots
|
| Bruins |
20 |
9 |
8 |
37 |
| Sabres |
12 |
10 |
10 |
32 |
|
1st period
1. Sabres , Kyle Okposo 4 (Jakub Kindl 1) at 2:25
2. Bruins , Wojtek Wolski 5 (Shane O'Brien 6, Nathan Horton 4) at 5:30
3. Bruins , Viktor Stalberg 1 (Victor Oreskovich 1, Tim Connolly 2) at 11:12
4. Bruins , Wojtek Wolski 6 (Shane O'Brien 7, Jason Demers 3) at 12:57 (PP)
Penalties :
Ronalds Kenins (Buf) for Close Hand On Puck (Minor) at 12:20, Andrew MacDonald (Buf) for High sticking (Minor) at 13:40, Andrei Loktionov (Buf) for Interference (Minor) at 16:23, Rob Scuderi (Buf) for Holding (Minor) at 19:17
2nd period
5. Bruins , Tim Connolly 1 (Jason Demers 4, Victor Oreskovich 2) at 1:26
6. Bruins , Victor Oreskovich 2 (Tim Connolly 3, Matt Cooke 2) at 2:23 (PP)
7. Bruins , Henrik Sedin 4 (Wojtek Wolski 4, Nathan Horton 5) at 3:34
8. Bruins , Tim Connolly 2 (Victor Oreskovich 3, Jason Demers 5) at 5:47 (PP)
9. Bruins , Tim Connolly 3 (Viktor Stalberg 1, Victor Oreskovich 4) at 17:46
Penalties :
Andrei Loktionov (Buf) for Holding (Minor) at 1:29, Rob Scuderi (Buf) for Slashing (Minor) at 4:26, Jared Cowen (Buf) for Fighting (Major) at 11:40, Kevin Bieksa (Bos) for Fighting (Major) at 11:40, Rene Bourque (Bos) for Hooking (Minor) at 12:27, Evander Kane (Buf) for Charging (Minor) at 18:08
3rd period
10. Sabres , Ryan O'Reilly 3 (Jared Cowen 3, Andrew MacDonald 1) at 0:28
11. Sabres , Kurtis Foster 2 (Kyle Okposo 6, Rob Scuderi 6) at 3:05 (PP)
12. Bruins , Rene Bourque 1 (Shane O'Brien 8) at 7:42
13. Bruins , Victor Oreskovich 3 (Viktor Stalberg 2, Tim Connolly 4) at 9:36
Penalties :
Shane O'Brien (Bos) for Tripping (Minor) at 2:26
Goalie Stats
Kevin Poulin (Bos), 29 saves from 32 shots - (0.906), W, 3-5-0, 60:00 minutes
Jonas Hiller (Buf), 4 saves from 9 shots - (0.444), 27:13 minutes
Robin Lehner (Buf), 23 saves from 28 shots - (0.821), L, 5-1-0, 32:47 minutes
Players Stats for Bruins
Player Name G A P +/- PIM S H SB GA TA FO MP PP MP PK MP
------------------------------------------------------------------------------------
Andrew Alberts 0 0 0 0 0 0 3 0 0 0 0/0 20:03 3:15 1:26
Cam Fowler 0 0 0 0 0 1 1 0 0 1 0/0 20:21 3:15 1:12
Casey Cizikas 0 0 0 0 0 1 2 0 0 1 0/1 6:43 0:00 0:39
Dave Bolland 0 0 0 1 0 0 0 0 0 0 2/7 10:10 0:00 0:00
Henrik Sedin 1 0 1 1 0 5 5 0 0 0 28/40 25:14 6:33 1:27
Jason Demers 0 3 3 2 0 2 2 0 1 1 0/0 31:36 7:33 1:26
Kevin Bieksa 0 0 0 3 5 0 1 0 1 0 0/0 8:26 0:00 0:25
Kris Chucko 0 0 0 0 0 2 0 0 0 0 0/0 6:43 0:00 0:39
Matt Cooke 0 1 1 2 0 0 2 0 1 0 1/1 14:17 4:15 0:00
Nate Prosser 0 0 0 3 0 0 0 1 0 1 0/0 9:07 0:00 0:00
Nathan Horton 0 2 2 1 0 4 3 0 0 1 2/4 24:20 6:33 0:32
Nikolai Zherdev 0 0 0 0 0 1 1 0 0 0 0/0 6:04 0:00 0:00
Rene Bourque 1 0 1 1 2 2 1 0 0 1 0/0 10:10 0:00 0:00
Shane O'Brien 0 3 3 2 2 2 2 2 1 1 0/0 30:25 7:33 0:47
Tim Connolly 3 3 6 3 0 3 1 0 0 0 8/14 17:53 4:15 0:32
Victor Oreskovich 2 4 6 3 0 3 0 0 1 0 2/2 17:20 4:15 0:00
Viktor Stalberg 1 2 3 2 0 4 1 0 2 0 1/2 13:13 0:00 0:00
Wojtek Wolski 2 1 3 1 0 7 4 2 2 1 2/4 25:14 6:33 1:27
Players Stats for Sabres
Player Name G A P +/- PIM S H SB GA TA FO MP PP MP PK MP
------------------------------------------------------------------------------------
Andrei Loktionov 0 0 0 -2 4 2 2 0 1 0 11/27 17:03 0:00 0:00
Andrew MacDonald 0 1 1 0 2 0 2 1 1 1 0/0 16:40 0:00 6:45
Brad Richardson 0 0 0 -2 0 2 1 0 0 1 0/0 12:10 0:05 1:29
Brandon Sutter 0 0 0 -1 0 1 1 0 0 1 10/18 17:38 0:00 6:57
Evander Kane 0 0 0 -2 2 7 0 1 1 2 0/2 24:30 1:18 5:49
Ilya Kovalchuk 0 0 0 0 0 0 2 0 1 1 0/1 13:55 1:20 3:54
Jakub Kindl 0 1 1 -1 0 0 1 0 0 0 0/0 12:33 1:01 1:52
Jared Cowen 0 1 1 -2 5 1 0 3 1 0 0/0 26:45 0:21 7:30
Kurtis Foster 1 0 1 -4 0 2 3 0 0 1 0/0 20:31 1:16 0:00
Kyle Okposo 1 1 2 -2 0 5 1 0 0 0 1/1 18:20 1:18 0:00
Matt Martin 0 0 0 -1 0 0 2 0 0 0 0/1 10:08 0:05 3:27
Michael Kostka 0 0 0 -3 0 2 1 1 0 0 0/0 22:00 1:22 3:18
Rob Scuderi 0 1 1 0 4 0 0 0 1 0 0/0 21:35 1:16 2:11
Ronalds Kenins 0 0 0 -2 2 0 2 0 0 1 1/1 9:27 0:00 0:00
Ryan O'Reilly 1 0 1 0 0 2 1 0 1 0 3/18 14:20 1:18 0:00
Scottie Upshall 0 0 0 -1 0 2 0 0 0 0 0/0 6:29 0:00 0:00
Vincent Lecavalier 0 0 0 -2 0 3 1 0 0 0 3/6 10:43 1:15 0:00
Zack Kassian 0 0 0 0 0 3 1 0 1 1 0/0 14:17 1:15 0:00
3 Stars
1 - Tim Connolly (Bos)
2 - Victor Oreskovich (Bos)
3 - Wojtek Wolski (Bos)
Power Play
Bruins - 3 on 7 Attempt(s) - 42.86%
Sabres - 1 on 2 Attempt(s) - 50.00%
Penalty Kill
Bruins - 1 on 2 Attempt(s) - 50.00%
- Score 0 goal in Penalty Kill
Sabres - 4 on 7 Attempt(s) - 57.14%
- Score 0 goal in Penalty Kill
Team Stat
Bruins - Hits : 29 - Faceoff Wins : 46 - Blocked Shots : 5 - Penalty Minutes : 9
Sabres - Hits : 21 - Faceoff Wins : 29 - Blocked Shots : 6 - Penalty Minutes : 19
Official
Referees : Unknown
Linesman : Unknown
Game Notes
Jonas Hiller enters game at 2:23 of 2nd period
Jared Cowen and Kevin Bieksa fight to a draw at 11:40 of 2nd period
Tim Connolly has scored a Hat Trick!
Ilya Kovalchuk is injured at 5:06 of 3rd period (Broken Left Thumb)
Robin Lehner enters game at 9:36 of 3rd period
Finance
Level 1 -- Attendance: 5786 (96.43%) -- Ticket Income $514,954
Level 2 -- Attendance: 5000 (100.00%) -- Ticket Income $275,000
Level 3 -- Attendance: 1700 (85.00%) -- Ticket Income $66,300
Level 4 -- Attendance: 4000 (100.00%) -- Ticket Income $104,000
Luxury Box -- Attendance: 991 (99.10%) -- Ticket Income $157,569
Game was played at the Duff Garden.
Total Attendance: 17477 (97.09%)
Total Ticket Income: $1,117,823
Other Income: $167,673
Total Income: $1,285,496
Bruins
5 vs 5 Forward
Center Left Wing Right Wing Time % Phy DF OF
1 Henrik Sedin Wojtek Wolski Nathan Horton 40 1 2 2
2 Tim Connolly Viktor Stalberg Victor Oreskovich 30 1 2 2
3 Dave Bolland Matt Cooke Rene Bourque 20 1 2 2
4 Casey Cizikas Kris Chucko Nikolai Zherdev 10 1 2 2
5 vs 5 Defense
Defense Defense Time % Phy DF OF
1 Jason Demers Shane O'Brien 40 1 2 2
2 Andrew Alberts Cam Fowler 30 1 2 2
3 Nate Prosser Kevin Bieksa 20 1 2 2
4 Jason Demers Shane O'Brien 10 1 2 2
PowerPlay Forward
Center Left Wing Right Wing Time % Phy DF OF
1 Henrik Sedin Wojtek Wolski Nathan Horton 60 1 2 2
2 Tim Connolly Matt Cooke Victor Oreskovich 40 1 2 2
PowerPlay Defense
Defense Defense Time % Phy DF OF
1 Jason Demers Shane O'Brien 60 1 2 2
2 Andrew Alberts Cam Fowler 40 1 2 2
Penalty Kill 4 Players Forward
Center Wing Time % Phy DF OF
1 Wojtek Wolski Henrik Sedin 60 1 2 2
2 Tim Connolly Nathan Horton 40 1 2 2
Penalty Kill 4 Players Defense
Defense Defense Time % Phy DF OF
1 Jason Demers Shane O'Brien 60 1 2 2
2 Andrew Alberts Cam Fowler 40 1 2 2
Penalty Kill - 3 Players Forward
Forward Time % Phy DF OF
1 Wojtek Wolski 60 1 2 2
2 Henrik Sedin 40 1 2 2
Penalty Kill - 3 Players Defense
Defense Defense Time % Phy DF OF
1 Jason Demers Shane O'Brien 60 1 2 2
2 Andrew Alberts Cam Fowler 40 1 2 2
4 vs 4 Forward
Center Wing Time % Phy DF OF
1 Wojtek Wolski Henrik Sedin 60 1 2 2
2 Tim Connolly Nathan Horton 40 1 2 2
4 vs 4 Defense
Defense Defense Time % Phy DF OF
1 Jason Demers Shane O'Brien 60 1 2 2
2 Andrew Alberts Cam Fowler 40 1 2 2
Last Minutes Offensive
Center Left Wing Right Wing Defense Defense
Henrik Sedin Wojtek Wolski Nathan Horton Jason Demers Shane O'Brien
Last Minutes Defensive
Center Left Wing Right Wing Defense Defense
Henrik Sedin Wojtek Wolski Nathan Horton Jason Demers Shane O'Brien
Goaltenders
Starting : Kevin Poulin
Backup : Craig Anderson
Extra Forwards
Normal : Dave Bolland, Viktor Stalberg, Rene Bourque - PP : Dave Bolland, Viktor Stalberg - PK : Rene Bourque
Extra Defensemen
Normal : Nate Prosser, Kevin Bieksa, Andrew Alberts - PP : Nate Prosser - PK : Kevin Bieksa, Andrew Alberts
Penalty Shots
Wojtek Wolski, Henrik Sedin, Tim Connolly, Nathan Horton, Victor Oreskovich
Scratches
None
Sabres
5 vs 5 Forward
Center Left Wing Right Wing Time % Phy DF OF
1 Andrei Loktionov Evander Kane Kyle Okposo 38 0 1 4
2 Ryan O'Reilly Ilya Kovalchuk Zack Kassian 30 0 1 4
3 Vincent Lecavalier Ronalds Kenins Brad Richardson 20 0 1 4
4 Brandon Sutter Matt Martin Scottie Upshall 12 1 1 3
5 vs 5 Defense
Defense Defense Time % Phy DF OF
1 Jared Cowen Rob Scuderi 40 0 4 1
2 Michael Kostka Kurtis Foster 35 0 4 1
3 Jakub Kindl Andrew MacDonald 15 0 5 0
4 Kurtis Foster Jared Cowen 10 0 4 1
PowerPlay Forward
Center Left Wing Right Wing Time % Phy DF OF
1 Ryan O'Reilly Evander Kane Kyle Okposo 50 0 0 5
2 Vincent Lecavalier Ilya Kovalchuk Zack Kassian 50 0 0 5
PowerPlay Defense
Defense Defense Time % Phy DF OF
1 Kurtis Foster Rob Scuderi 50 0 1 4
2 Michael Kostka Jared Cowen 50 0 1 4
Penalty Kill 4 Players Forward
Center Wing Time % Phy DF OF
1 Brandon Sutter Evander Kane 60 0 5 0
2 Ilya Kovalchuk Matt Martin 40 0 5 0
Penalty Kill 4 Players Defense
Defense Defense Time % Phy DF OF
1 Jared Cowen Andrew MacDonald 60 0 5 0
2 Michael Kostka Rob Scuderi 40 0 5 0
Penalty Kill - 3 Players Forward
Forward Time % Phy DF OF
1 Brandon Sutter 60 0 5 0
2 Ilya Kovalchuk 40 0 5 0
Penalty Kill - 3 Players Defense
Defense Defense Time % Phy DF OF
1 Rob Scuderi Jared Cowen 60 0 5 0
2 Michael Kostka Andrew MacDonald 40 0 5 0
4 vs 4 Forward
Center Wing Time % Phy DF OF
1 Ilya Kovalchuk Vincent Lecavalier 50 0 2 3
2 Evander Kane Andrei Loktionov 50 0 1 4
4 vs 4 Defense
Defense Defense Time % Phy DF OF
1 Kurtis Foster Jared Cowen 50 0 4 1
2 Michael Kostka Rob Scuderi 50 0 4 1
Last Minutes Offensive
Center Left Wing Right Wing Defense Defense
Vincent Lecavalier Ilya Kovalchuk Kyle Okposo Kurtis Foster Andrew MacDonald
Last Minutes Defensive
Center Left Wing Right Wing Defense Defense
Brandon Sutter Ilya Kovalchuk Zack Kassian Andrew MacDonald Jared Cowen
Goaltenders
Starting : Robin Lehner
Backup : Jonas Hiller
Extra Forwards
Normal : Brandon Sutter, Ryan O'Reilly, Brad Richardson - PP : Matt Martin, Ryan O'Reilly - PK : Brad Richardson
Extra Defensemen
Normal : Jakub Kindl, Andrew MacDonald, Jared Cowen - PP : Jakub Kindl - PK : Andrew MacDonald, Jared Cowen
Penalty Shots
Ilya Kovalchuk, Vincent Lecavalier, Evander Kane, Andrei Loktionov, Kyle Okposo
Scratches
Darcy Hordichuk (Healthy), Darren Reid (Healthy), Jordan Leopold (Healthy), Zach Bogosian (Suspend)
% Time on Ice - Bruins
Lines # - Real PCT - Wanted PCT - Time Play
Normal Forward
1 - 37% - 40% - 17:14
2 - 28% - 30% - 13:06
3 - 22% - 20% - 10:10
4 - 13% - 10% - 6:04
Normal Defense
1 - 43% - 40% - 19:54
2 - 32% - 30% - 14:50
3 - 21% - 20% - 9:52
4 - 4% - 10% - 1:58
PP Forward
1 - 61% - 60% - 6:33
2 - 39% - 40% - 4:15
PP Defense
1 - 70% - 60% - 7:33
2 - 30% - 40% - 3:15
PK Forward
1 - 80% - 60% - 2:06
2 - 20% - 40% - 0:32
PK Defense
1 - 54% - 60% - 1:26
2 - 46% - 40% - 1:12
PK3 Forward
1 - 0% - 60%
2 - 0% - 40%
PK3 Defense
1 - 0% - 60%
2 - 0% - 40%
44 Forward
1 - 0% - 60%
2 - 0% - 40%
44 Defense
1 - 0% - 60%
2 - 0% - 40%
Last Minute Offensive - 0:00
Last Minute Defensive - 0:00
Total
Forward - 60:00
Defense - 60:00
|
% Time on Ice - Sabres
Lines # - Real PCT - Wanted PCT - Time Play
Normal Forward
1 - 38% - 38% - 17:28
2 - 28% - 30% - 13:09
3 - 20% - 20% - 9:28
4 - 14% - 12% - 6:29
Normal Defense
1 - 40% - 40% - 18:48
2 - 37% - 35% - 17:20
3 - 18% - 15% - 8:30
4 - 4% - 10% - 1:56
PP Forward
1 - 49% - 50% - 1:18
2 - 51% - 50% - 1:20
PP Defense
1 - 48% - 50% - 1:16
2 - 52% - 50% - 1:22
PK Forward
1 - 68% - 60% - 7:21
2 - 32% - 40% - 3:27
PK Defense
1 - 69% - 60% - 7:30
2 - 31% - 40% - 3:18
PK3 Forward
1 - 0% - 60%
2 - 0% - 40%
PK3 Defense
1 - 0% - 60%
2 - 0% - 40%
44 Forward
1 - 0% - 50%
2 - 0% - 50%
44 Defense
1 - 0% - 50%
2 - 0% - 50%
Last Minute Offensive - 0:00
Last Minute Defensive - 0:00
Total
Forward - 60:00
Defense - 60:00
|
Play by Play
1st period
0:01 of 1st period - Henrik Sedin wins face-off versus Andrei Loktionov in neutral zone.
0:12 of 1st period - Jason Demers is hit by Andrei Loktionov and loses puck.
0:50 of 1st period - Snap shot by Viktor Stalberg.
0:50 of 1st period - Stopped by Robin Lehner without a rebound.
0:51 of 1st period - Vincent Lecavalier wins face-off versus Dave Bolland in Sabres zone.
1:18 of 1st period - Andrew Alberts is hit by Kurtis Foster.
2:06 of 1st period - Slapshot by Andrei Loktionov.
2:06 of 1st period - Stopped by Kevin Poulin without a rebound.
2:07 of 1st period - Henrik Sedin wins face-off versus Evander Kane in Bruins zone.
2:14 of 1st period - Kyle Okposo is hit by Henrik Sedin and loses puck.
2:25 of 1st period - Backhand shot by Kyle Okposo.
2:25 of 1st period - Goal by Kyle Okposo - Bruins : 0 - Sabres : 1.
2:26 of 1st period - Ryan O'Reilly wins face-off versus Dave Bolland in neutral zone.
2:53 of 1st period - Andrei Loktionov is hit by Wojtek Wolski and loses puck.
3:17 of 1st period - Slapshot by Vincent Lecavalier.
3:17 of 1st period - Stopped by Kevin Poulin with a rebound.
3:19 of 1st period - Slapshot by Jared Cowen.
3:19 of 1st period - Deflect By Victor Oreskovich.
3:19 of 1st period - Stopped by Kevin Poulin with a rebound.
3:33 of 1st period - Jared Cowen is hit by Nikolai Zherdev and loses puck.
3:57 of 1st period - Nikolai Zherdev is hit by Andrew MacDonald and loses puck.
4:43 of 1st period - Wojtek Wolski is hit by Ronalds Kenins and loses puck.
5:02 of 1st period - Snap shot by Ryan O'Reilly.
5:02 of 1st period - Stopped by Kevin Poulin with a rebound.
5:08 of 1st period - Nathan Horton is hit by Kurtis Foster and loses puck.
5:22 of 1st period - Snap shot by Henrik Sedin.
5:22 of 1st period - Stopped by Robin Lehner with a rebound.
5:24 of 1st period - Wrist shot by Nathan Horton.
5:24 of 1st period - Shot Misses the Net.
5:26 of 1st period - Wrist shot by Nathan Horton.
5:26 of 1st period - Stopped by Robin Lehner with a rebound.
5:28 of 1st period - Backhand shot by Shane O'Brien.
5:28 of 1st period - Stopped by Robin Lehner with a rebound.
5:30 of 1st period - Slapshot by Wojtek Wolski.
5:30 of 1st period - Goal by Wojtek Wolski - Bruins : 1 - Sabres : 1.
5:31 of 1st period - Tim Connolly wins face-off versus Ryan O'Reilly in neutral zone.
5:34 of 1st period - Snap shot by Viktor Stalberg.
5:34 of 1st period - Shot Misses the Net.
5:44 of 1st period - Snap shot by Victor Oreskovich.
5:44 of 1st period - Deflect By Jakub Kindl.
5:44 of 1st period - Stopped by Robin Lehner without a rebound.
5:45 of 1st period - Andrei Loktionov wins face-off versus Dave Bolland in Sabres zone.
5:50 of 1st period - Rob Scuderi is hit by Matt Cooke and loses puck.
6:19 of 1st period - Snap shot by Henrik Sedin.
6:19 of 1st period - Shot Blocked by Evander Kane.
7:07 of 1st period - Wrist shot by Casey Cizikas.
7:07 of 1st period - Shot Blocked by Jared Cowen.
7:57 of 1st period - Kurtis Foster is hit by Andrew Alberts and loses puck.
8:14 of 1st period - Ronalds Kenins is hit by Shane O'Brien and loses puck.
8:35 of 1st period - Wrist shot by Brandon Sutter.
8:35 of 1st period - Stopped by Kevin Poulin without a rebound.
8:36 of 1st period - Brandon Sutter wins face-off versus Dave Bolland in Bruins zone.
8:37 of 1st period - Wrist shot by Scottie Upshall.
8:37 of 1st period - Shot Misses the Net.
9:14 of 1st period - Snap shot by Zack Kassian.
9:14 of 1st period - Stopped by Kevin Poulin without a rebound.
9:15 of 1st period - Henrik Sedin wins face-off versus Andrei Loktionov in Bruins zone.
9:32 of 1st period - Snap shot by Kyle Okposo.
9:32 of 1st period - Deflect By Evander Kane.
9:32 of 1st period - Stopped by Kevin Poulin with a rebound.
9:47 of 1st period - Wrist shot by Zack Kassian.
9:47 of 1st period - Stopped by Kevin Poulin without a rebound.
9:48 of 1st period - Tim Connolly wins face-off versus Ryan O'Reilly in Bruins zone.
10:56 of 1st period - Icing by Matt Martin.
10:57 of 1st period - Brandon Sutter wins face-off versus Tim Connolly in Sabres zone.
11:02 of 1st period - Wrist shot by Scottie Upshall.
11:02 of 1st period - Stopped by Kevin Poulin with a rebound.
11:04 of 1st period - Wrist shot by Michael Kostka.
11:04 of 1st period - Stopped by Kevin Poulin with a rebound.
11:06 of 1st period - Wrist shot by Scottie Upshall.
11:06 of 1st period - Deflect By Nate Prosser.
11:06 of 1st period - Shot Misses the Net.
11:06 of 1st period - Puck is out of play.
11:07 of 1st period - Viktor Stalberg wins face-off versus Andrei Loktionov in Bruins zone.
11:12 of 1st period - Snap shot by Viktor Stalberg.
11:12 of 1st period - Goal by Viktor Stalberg - Bruins : 2 - Sabres : 1.
11:13 of 1st period - Henrik Sedin wins face-off versus Andrei Loktionov in neutral zone.
11:16 of 1st period - Jared Cowen is hit by Shane O'Brien and loses puck.
12:02 of 1st period - Off-side.
12:03 of 1st period - Vincent Lecavalier wins face-off versus Tim Connolly in neutral zone.
12:20 of 1st period - Minor Penalty to Ronalds Kenins for Close Hand On Puck.
12:21 of 1st period - Brandon Sutter wins face-off versus Henrik Sedin in Sabres zone.
12:35 of 1st period - Wrist shot by Henrik Sedin.
12:35 of 1st period - Shot Misses the Net.
12:49 of 1st period - Snap shot by Nathan Horton.
12:49 of 1st period - Stopped by Robin Lehner with a rebound.
12:51 of 1st period - Slapshot by Shane O'Brien.
12:51 of 1st period - Shot Misses the Net.
12:53 of 1st period - Slapshot by Jason Demers.
12:53 of 1st period - Stopped by Robin Lehner with a rebound.
12:55 of 1st period - Slapshot by Shane O'Brien.
12:55 of 1st period - Shot Misses the Net.
12:57 of 1st period - Snap shot by Wojtek Wolski.
12:57 of 1st period - Goal by Wojtek Wolski - Bruins : 3 - Sabres : 1.
12:58 of 1st period - Dave Bolland wins face-off versus Ryan O'Reilly in neutral zone.
13:28 of 1st period - Off-side.
13:29 of 1st period - Henrik Sedin wins face-off versus Andrei Loktionov in neutral zone.
13:32 of 1st period - Evander Kane is hit by Wojtek Wolski and loses puck.
13:40 of 1st period - Minor Penalty to Andrew MacDonald for High sticking.
13:41 of 1st period - Henrik Sedin wins face-off versus Brandon Sutter in Sabres zone.
13:51 of 1st period - Wrist shot by Henrik Sedin.
13:51 of 1st period - Stopped by Robin Lehner without a rebound.
13:52 of 1st period - Brandon Sutter wins face-off versus Henrik Sedin in Sabres zone.
14:05 of 1st period - Snap shot by Henrik Sedin.
14:05 of 1st period - Deflect By Wojtek Wolski.
14:05 of 1st period - Stopped by Robin Lehner with a rebound.
14:07 of 1st period - Slapshot by Jason Demers.
14:07 of 1st period - Stopped by Robin Lehner without a rebound.
14:08 of 1st period - Tim Connolly wins face-off versus Brandon Sutter in Sabres zone.
15:40 of 1st period - Penalty to Andrew MacDonald is over, Andrew MacDonald is back on ice.
15:43 of 1st period - Off-side.
15:44 of 1st period - Vincent Lecavalier wins face-off versus Casey Cizikas in neutral zone.
15:47 of 1st period - Slapshot by Kurtis Foster.
15:47 of 1st period - Stopped by Kevin Poulin with a rebound.
15:58 of 1st period - Wrist shot by Casey Cizikas.
15:58 of 1st period - Stopped by Robin Lehner with a rebound.
16:23 of 1st period - Minor Penalty to Andrei Loktionov for Interference.
16:24 of 1st period - Henrik Sedin wins face-off versus Brandon Sutter in Sabres zone.
16:29 of 1st period - Snap shot by Henrik Sedin.
16:29 of 1st period - Stopped by Robin Lehner with a rebound.
16:31 of 1st period - Wrist shot by Nathan Horton.
16:31 of 1st period - Stopped by Robin Lehner without a rebound.
16:32 of 1st period - Brandon Sutter wins face-off versus Henrik Sedin in Sabres zone.
16:32 of 1st period - Brandon Sutter is hit by Henrik Sedin.
18:23 of 1st period - Penalty to Andrei Loktionov is over, Andrei Loktionov is back on ice.
18:33 of 1st period - Andrew Alberts is hit by Zack Kassian and loses puck.
18:44 of 1st period - Snap shot by Viktor Stalberg.
18:44 of 1st period - Stopped by Robin Lehner with a rebound.
18:46 of 1st period - Slapshot by Cam Fowler.
18:46 of 1st period - Stopped by Robin Lehner without a rebound.
18:47 of 1st period - Dave Bolland wins face-off versus Vincent Lecavalier in Sabres zone.
18:58 of 1st period - Snap shot by Dave Bolland.
18:58 of 1st period - Shot Misses the Net.
19:00 of 1st period - Snap shot by Viktor Stalberg.
19:00 of 1st period - Stopped by Robin Lehner without a rebound.
19:01 of 1st period - Andrei Loktionov wins face-off versus Henrik Sedin in Sabres zone.
19:10 of 1st period - Wrist shot by Wojtek Wolski.
19:10 of 1st period - Stopped by Robin Lehner with a rebound.
19:12 of 1st period - Slapshot by Nathan Horton.
19:12 of 1st period - Shot Misses the Net.
19:14 of 1st period - Wrist shot by Nathan Horton.
19:14 of 1st period - Deflect By Wojtek Wolski.
19:14 of 1st period - Shot Blocked by Michael Kostka.
19:14 of 1st period - Puck is out of play.
19:15 of 1st period - Andrei Loktionov wins face-off versus Viktor Stalberg in Sabres zone.
19:17 of 1st period - Minor Penalty to Rob Scuderi for Holding.
19:18 of 1st period - Brandon Sutter wins face-off versus Henrik Sedin in Sabres zone.
Goals for this period are 3 for Bruins vs 1 for Sabres.
Shots for this period are 20 for Bruins vs 12 for Sabres.
2nd period
0:01 of 2nd period - Brandon Sutter wins face-off versus Henrik Sedin in neutral zone.
0:12 of 2nd period - Slapshot by Shane O'Brien.
0:12 of 2nd period - Stopped by Robin Lehner without a rebound.
0:13 of 2nd period - Brandon Sutter wins face-off versus Henrik Sedin in Sabres zone.
0:58 of 2nd period - Nathan Horton is hit by Matt Martin and loses puck.
1:02 of 2nd period - Icing by Andrew Alberts.
1:03 of 2nd period - Henrik Sedin wins face-off versus Matt Martin in Bruins zone.
1:03 of 2nd period - Henrik Sedin is hit by Ilya Kovalchuk.
1:17 of 2nd period - Penalty to Rob Scuderi is over, Rob Scuderi is back on ice.
1:20 of 2nd period - Off-side.
1:21 of 2nd period - Tim Connolly wins face-off versus Ryan O'Reilly in neutral zone.
1:26 of 2nd period - Backhand shot by Jason Demers.
1:26 of 2nd period - Deflect By Tim Connolly.
1:26 of 2nd period - Goal by Tim Connolly - Bruins : 4 - Sabres : 1.
1:27 of 2nd period - Andrei Loktionov wins face-off versus Wojtek Wolski in neutral zone.
1:29 of 2nd period - Minor Penalty to Andrei Loktionov for Holding.
1:30 of 2nd period - Nathan Horton wins face-off versus Brandon Sutter in Sabres zone.
1:46 of 2nd period - Snap shot by Evander Kane.
1:46 of 2nd period - Shot Misses the Net.
1:56 of 2nd period - Matt Martin is hit by Jason Demers and loses puck.
2:01 of 2nd period - Snap shot by Victor Oreskovich.
2:01 of 2nd period - Deflect By Matt Cooke.
2:01 of 2nd period - Shot Misses the Net.
2:01 of 2nd period - Puck is out of play.
2:02 of 2nd period - Brandon Sutter wins face-off versus Tim Connolly in Sabres zone.
2:23 of 2nd period - Wrist shot by Victor Oreskovich.
2:23 of 2nd period - Goal by Victor Oreskovich - Bruins : 5 - Sabres : 1.
2:23 of 2nd period - Jonas Hiller enters game.
2:24 of 2nd period - Andrei Loktionov wins face-off versus Nathan Horton in neutral zone.
3:12 of 2nd period - Rene Bourque is hit by Ronalds Kenins.
3:32 of 2nd period - Snap shot by Wojtek Wolski.
3:32 of 2nd period - Shot Misses the Net.
3:34 of 2nd period - Slapshot by Henrik Sedin.
3:34 of 2nd period - Goal by Henrik Sedin - Bruins : 6 - Sabres : 1.
3:35 of 2nd period - Henrik Sedin wins face-off versus Andrei Loktionov in neutral zone.
3:38 of 2nd period - Snap shot by Nathan Horton.
3:38 of 2nd period - Stopped by Jonas Hiller without a rebound.
3:39 of 2nd period - Henrik Sedin wins face-off versus Andrei Loktionov in Sabres zone.
4:26 of 2nd period - Minor Penalty to Rob Scuderi for Slashing.
4:27 of 2nd period - Henrik Sedin wins face-off versus Brandon Sutter in Sabres zone.
5:16 of 2nd period - Icing by Jason Demers.
5:17 of 2nd period - Henrik Sedin wins face-off versus Ilya Kovalchuk in Bruins zone.
5:27 of 2nd period - Slapshot by Michael Kostka.
5:27 of 2nd period - Stopped by Kevin Poulin with a rebound.
5:29 of 2nd period - Snap shot by Ilya Kovalchuk.
5:29 of 2nd period - Shot Misses the Net.
5:31 of 2nd period - Snap shot by Ilya Kovalchuk.
5:31 of 2nd period - Shot Blocked by Shane O'Brien.
5:47 of 2nd period - Snap shot by Tim Connolly.
5:47 of 2nd period - Goal by Tim Connolly - Bruins : 7 - Sabres : 1.
5:48 of 2nd period - Henrik Sedin wins face-off versus Andrei Loktionov in neutral zone.
5:58 of 2nd period - Off-side.
5:59 of 2nd period - Nathan Horton wins face-off versus Andrei Loktionov in neutral zone.
6:16 of 2nd period - Snap shot by Evander Kane.
6:16 of 2nd period - Stopped by Kevin Poulin without a rebound.
6:17 of 2nd period - Victor Oreskovich wins face-off versus Ryan O'Reilly in Bruins zone.
6:17 of 2nd period - Victor Oreskovich is hit by Ilya Kovalchuk.
6:43 of 2nd period - Andrei Loktionov is hit by Henrik Sedin and loses puck.
6:52 of 2nd period - Snap shot by Evander Kane.
6:52 of 2nd period - Stopped by Kevin Poulin with a rebound.
6:54 of 2nd period - Snap shot by Evander Kane.
6:54 of 2nd period - Stopped by Kevin Poulin with a rebound.
7:17 of 2nd period - Matt Cooke is hit by Matt Martin and loses puck.
7:57 of 2nd period - Tim Connolly is hit by Andrew MacDonald and loses puck.
8:28 of 2nd period - Icing by Kurtis Foster.
8:29 of 2nd period - Andrei Loktionov wins face-off versus Dave Bolland in Sabres zone.
8:29 of 2nd period - Andrei Loktionov is hit by Matt Cooke.
8:43 of 2nd period - Slapshot by Vincent Lecavalier.
8:43 of 2nd period - Stopped by Kevin Poulin with a rebound.
8:45 of 2nd period - Snap shot by Brad Richardson.
8:45 of 2nd period - Deflect By Nate Prosser.
8:45 of 2nd period - Stopped by Kevin Poulin with a rebound.
8:57 of 2nd period - Wrist shot by Wojtek Wolski.
8:57 of 2nd period - Stopped by Jonas Hiller without a rebound.
8:58 of 2nd period - Henrik Sedin wins face-off versus Andrei Loktionov in Sabres zone.
9:15 of 2nd period - Slapshot by Evander Kane.
9:15 of 2nd period - Stopped by Kevin Poulin with a rebound.
9:23 of 2nd period - Snap shot by Evander Kane.
9:23 of 2nd period - Stopped by Kevin Poulin without a rebound.
9:24 of 2nd period - Ryan O'Reilly wins face-off versus Tim Connolly in Bruins zone.
9:33 of 2nd period - Snap shot by Zack Kassian.
9:33 of 2nd period - Stopped by Kevin Poulin without a rebound.
9:34 of 2nd period - Victor Oreskovich wins face-off versus Ryan O'Reilly in Bruins zone.
9:46 of 2nd period - Off-side.
9:47 of 2nd period - Henrik Sedin wins face-off versus Andrei Loktionov in neutral zone.
9:51 of 2nd period - Off-side.
9:52 of 2nd period - Henrik Sedin wins face-off versus Andrei Loktionov in neutral zone.
11:23 of 2nd period - Slapshot by Evander Kane.
11:23 of 2nd period - Shot Blocked by Wojtek Wolski.
11:25 of 2nd period - Slapshot by Michael Kostka.
11:25 of 2nd period - Deflect By Evander Kane.
11:25 of 2nd period - Shot Blocked by Wojtek Wolski.
11:25 of 2nd period - Puck is out of play.
11:26 of 2nd period - Henrik Sedin wins face-off versus Andrei Loktionov in Bruins zone.
11:35 of 2nd period - Wrist shot by Wojtek Wolski.
11:35 of 2nd period - Shot Blocked by Jared Cowen.
11:40 of 2nd period - Jared Cowen and Kevin Bieksa fight to a draw.
11:40 of 2nd period - Penalty to Jared Cowen for Fighting.
11:40 of 2nd period - Penalty to Kevin Bieksa for Fighting.
11:41 of 2nd period - Andrei Loktionov wins face-off versus Henrik Sedin in neutral zone.
11:46 of 2nd period - Snap shot by Kyle Okposo.
11:46 of 2nd period - Stopped by Kevin Poulin with a rebound.
11:58 of 2nd period - Jakub Kindl is hit by Wojtek Wolski.
12:08 of 2nd period - Ryan O'Reilly is hit by Rene Bourque and loses puck.
12:27 of 2nd period - Minor Penalty to Rene Bourque for Hooking.
12:28 of 2nd period - Wojtek Wolski wins face-off versus Ryan O'Reilly in Bruins zone.
12:28 of 2nd period - Wojtek Wolski is hit by Kyle Okposo.
13:51 of 2nd period - Jakub Kindl is hit by Casey Cizikas and loses puck.
14:27 of 2nd period - Penalty to Rene Bourque is over, Rene Bourque is back on ice.
16:01 of 2nd period - Scottie Upshall is hit by Casey Cizikas and loses puck.
16:12 of 2nd period - Snap shot by Kris Chucko.
16:12 of 2nd period - Stopped by Jonas Hiller with a rebound.
16:49 of 2nd period - Icing by Rene Bourque.
16:50 of 2nd period - Matt Cooke wins face-off versus Ryan O'Reilly in Bruins zone.
17:01 of 2nd period - Wrist shot by Ryan O'Reilly.
17:01 of 2nd period - Shot Blocked by Nate Prosser.
17:03 of 2nd period - Slapshot by Ilya Kovalchuk.
17:03 of 2nd period - Shot Misses the Net.
17:40 of 2nd period - Snap shot by Tim Connolly.
17:40 of 2nd period - Shot Misses the Net.
17:46 of 2nd period - Snap shot by Tim Connolly.
17:46 of 2nd period - Goal by Tim Connolly - Bruins : 8 - Sabres : 1.
17:47 of 2nd period - Kyle Okposo wins face-off versus Henrik Sedin in neutral zone.
18:08 of 2nd period - Minor Penalty to Evander Kane for Charging.
18:09 of 2nd period - Brandon Sutter wins face-off versus Nathan Horton in Sabres zone.
18:09 of 2nd period - Brandon Sutter is hit by Jason Demers.
18:45 of 2nd period - Icing by Tim Connolly.
18:46 of 2nd period - Tim Connolly wins face-off versus Brandon Sutter in Bruins zone.
18:56 of 2nd period - Jared Cowen is hit by Henrik Sedin and loses puck.
19:23 of 2nd period - Andrew MacDonald is hit by Tim Connolly and loses puck.
Goals for this period are 5 for Bruins vs 0 for Sabres.
Shots for this period are 9 for Bruins vs 10 for Sabres.
3rd period
0:01 of 3rd period - Henrik Sedin wins face-off versus Brandon Sutter in neutral zone.
0:08 of 3rd period - Penalty to Evander Kane is over, Evander Kane is back on ice.
0:10 of 3rd period - Slapshot by Wojtek Wolski.
0:10 of 3rd period - Shot Blocked by Andrew MacDonald.
0:28 of 3rd period - Snap shot by Ryan O'Reilly.
0:28 of 3rd period - Goal by Ryan O'Reilly - Bruins : 8 - Sabres : 2.
0:29 of 3rd period - Henrik Sedin wins face-off versus Andrei Loktionov in neutral zone.
0:32 of 3rd period - Evander Kane is hit by Andrew Alberts and loses puck.
0:37 of 3rd period - Snap shot by Wojtek Wolski.
0:37 of 3rd period - Stopped by Jonas Hiller with a rebound.
0:39 of 3rd period - Snap shot by Henrik Sedin.
0:39 of 3rd period - Shot Misses the Net.
0:41 of 3rd period - Wrist shot by Henrik Sedin.
0:41 of 3rd period - Deflect By Wojtek Wolski.
0:41 of 3rd period - Shot Misses the Net.
0:41 of 3rd period - Puck is out of play.
0:42 of 3rd period - Andrei Loktionov wins face-off versus Henrik Sedin in Sabres zone.
1:19 of 3rd period - Slapshot by Jared Cowen.
1:19 of 3rd period - Shot Misses the Net.
2:26 of 3rd period - Minor Penalty to Shane O'Brien for Tripping.
2:27 of 3rd period - Wojtek Wolski wins face-off versus Vincent Lecavalier in Bruins zone.
3:03 of 3rd period - Wrist shot by Kyle Okposo.
3:03 of 3rd period - Stopped by Kevin Poulin with a rebound.
3:05 of 3rd period - Wrist shot by Kurtis Foster.
3:05 of 3rd period - Goal by Kurtis Foster - Bruins : 8 - Sabres : 3.
3:06 of 3rd period - Andrei Loktionov wins face-off versus Henrik Sedin in neutral zone.
3:26 of 3rd period - Icing by Nathan Horton.
3:27 of 3rd period - Henrik Sedin wins face-off versus Ryan O'Reilly in Bruins zone.
3:29 of 3rd period - Icing by Nathan Horton.
3:30 of 3rd period - Ryan O'Reilly wins face-off versus Wojtek Wolski in Bruins zone.
3:47 of 3rd period - Snap shot by Zack Kassian.
3:47 of 3rd period - Shot Misses the Net.
4:05 of 3rd period - Wrist shot by Evander Kane.
4:05 of 3rd period - Stopped by Kevin Poulin with a rebound.
4:07 of 3rd period - Wrist shot by Evander Kane.
4:07 of 3rd period - Deflect By Kyle Okposo.
4:07 of 3rd period - Stopped by Kevin Poulin with a rebound.
5:05 of 3rd period - Ilya Kovalchuk is hit by Kevin Bieksa and loses puck.
5:06 of 3rd period - Ilya Kovalchuk from Sabres is injured at 5:06 of 3rd period (Broken Left Thumb).
5:07 of 3rd period - Henrik Sedin wins face-off versus Evander Kane in Sabres zone.
5:39 of 3rd period - Ryan O'Reilly is hit by Cam Fowler and loses puck.
6:14 of 3rd period - Snap shot by Brandon Sutter.
6:14 of 3rd period - Shot Hit the Post.
7:42 of 3rd period - Slapshot by Rene Bourque.
7:42 of 3rd period - Goal by Rene Bourque - Bruins : 9 - Sabres : 3.
7:43 of 3rd period - Henrik Sedin wins face-off versus Ryan O'Reilly in neutral zone.
7:45 of 3rd period - Off-side.
7:46 of 3rd period - Henrik Sedin wins face-off versus Ryan O'Reilly in neutral zone.
7:49 of 3rd period - Michael Kostka is hit by Nathan Horton and loses puck.
7:57 of 3rd period - Michael Kostka is hit by Wojtek Wolski and loses puck.
8:17 of 3rd period - Snap shot by Vincent Lecavalier.
8:17 of 3rd period - Stopped by Kevin Poulin with a rebound.
8:19 of 3rd period - Slapshot by Brad Richardson.
8:19 of 3rd period - Stopped by Kevin Poulin without a rebound.
8:20 of 3rd period - Ronalds Kenins wins face-off versus Tim Connolly in Bruins zone.
8:21 of 3rd period - Wrist shot by Vincent Lecavalier.
8:21 of 3rd period - Shot Misses the Net.
8:47 of 3rd period - Jared Cowen is hit by Nathan Horton and loses puck.
9:32 of 3rd period - Icing by Brad Richardson.
9:33 of 3rd period - Tim Connolly wins face-off versus Vincent Lecavalier in Sabres zone.
9:36 of 3rd period - Snap shot by Victor Oreskovich.
9:36 of 3rd period - Goal by Victor Oreskovich - Bruins : 10 - Sabres : 3.
9:36 of 3rd period - Robin Lehner enters game.
9:37 of 3rd period - Henrik Sedin wins face-off versus Ryan O'Reilly in neutral zone.
10:04 of 3rd period - Henrik Sedin is hit by Michael Kostka and loses puck.
10:21 of 3rd period - Snap shot by Henrik Sedin.
10:21 of 3rd period - Shot Misses the Net.
10:23 of 3rd period - Slapshot by Cam Fowler.
10:23 of 3rd period - Deflect By Henrik Sedin.
10:23 of 3rd period - Stopped by Robin Lehner without a rebound.
10:24 of 3rd period - Andrei Loktionov wins face-off versus Tim Connolly in Sabres zone.
10:31 of 3rd period - Snap shot by Evander Kane.
10:31 of 3rd period - Shot Misses the Net.
10:33 of 3rd period - Snap shot by Andrei Loktionov.
10:33 of 3rd period - Stopped by Kevin Poulin with a rebound.
10:59 of 3rd period - Slapshot by Rene Bourque.
10:59 of 3rd period - Stopped by Robin Lehner without a rebound.
11:00 of 3rd period - Tim Connolly wins face-off versus Ryan O'Reilly in Sabres zone.
11:27 of 3rd period - Wojtek Wolski is hit by Andrei Loktionov and loses puck.
11:34 of 3rd period - Snap shot by Kyle Okposo.
11:34 of 3rd period - Stopped by Kevin Poulin without a rebound.
11:35 of 3rd period - Andrei Loktionov wins face-off versus Henrik Sedin in Bruins zone.
11:42 of 3rd period - Cam Fowler is hit by Jakub Kindl and loses puck.
12:31 of 3rd period - Snap shot by Ronalds Kenins.
12:31 of 3rd period - Shot Blocked by Shane O'Brien.
12:55 of 3rd period - Icing by Michael Kostka.
12:56 of 3rd period - Henrik Sedin wins face-off versus Andrei Loktionov in Sabres zone.
13:13 of 3rd period - Kurtis Foster is hit by Henrik Sedin and loses puck.
13:23 of 3rd period - Off-side.
13:24 of 3rd period - Tim Connolly wins face-off versus Ryan O'Reilly in neutral zone.
13:58 of 3rd period - Wrist shot by Brad Richardson.
13:58 of 3rd period - Shot Misses the Net.
14:16 of 3rd period - Matt Cooke is hit by Kurtis Foster and loses puck.
14:31 of 3rd period - Jakub Kindl is hit by Andrew Alberts and loses puck.
15:20 of 3rd period - Wrist shot by Scottie Upshall.
15:20 of 3rd period - Stopped by Kevin Poulin without a rebound.
15:21 of 3rd period - Henrik Sedin wins face-off versus Brandon Sutter in Bruins zone.
15:28 of 3rd period - Snap shot by Wojtek Wolski.
15:28 of 3rd period - Stopped by Robin Lehner without a rebound.
15:29 of 3rd period - Henrik Sedin wins face-off versus Andrei Loktionov in Sabres zone.
15:56 of 3rd period - Shane O'Brien is hit by Ryan O'Reilly and loses puck.
16:09 of 3rd period - Jason Demers is hit by Brandon Sutter and loses puck.
17:34 of 3rd period - Andrew Alberts is hit by Brad Richardson and loses puck.
18:06 of 3rd period - Slapshot by Andrew Alberts.
18:06 of 3rd period - Shot Hit the Post.
18:08 of 3rd period - Wrist shot by Kris Chucko.
18:08 of 3rd period - Shot Misses the Net.
18:10 of 3rd period - Snap shot by Kris Chucko.
18:10 of 3rd period - Shot Misses the Net.
18:12 of 3rd period - Snap shot by Nikolai Zherdev.
18:12 of 3rd period - Stopped by Robin Lehner with a rebound.
18:14 of 3rd period - Snap shot by Kris Chucko.
18:14 of 3rd period - Stopped by Robin Lehner without a rebound.
18:15 of 3rd period - Henrik Sedin wins face-off versus Ryan O'Reilly in Sabres zone.
18:18 of 3rd period - Snap shot by Henrik Sedin.
18:18 of 3rd period - Shot Blocked by Jared Cowen.
18:33 of 3rd period - Rob Scuderi is hit by Nathan Horton and loses puck.
18:48 of 3rd period - Snap shot by Viktor Stalberg.
18:48 of 3rd period - Shot Misses the Net.
18:54 of 3rd period - Andrei Loktionov is hit by Viktor Stalberg.
19:50 of 3rd period - Viktor Stalberg is hit by Vincent Lecavalier and loses puck.
Goals for this period are 2 for Bruins vs 2 for Sabres.
Shots for this period are 8 for Bruins vs 10 for Sabres.
Back to the Top